 Dungeon Crawl Stone Soup version 0.21-a0-38-g95c5c02 (webtiles) character file.

1357 TheGoonsmith the Destroyer (level 8, -5/41 HPs)
             Began as a Deep Elf Fire Elementalist on May 27, 2017.
             Slain by Caerwyn's ghost (22 damage)
             ... on level 6 of the Dungeon on May 28, 2017.
             The game lasted 00:14:47 (5952 turns).

TheGoonsmith the Destroyer (DEFE)                   Turns: 5952, Time: 00:14:47

Health: -5/41      AC:  3    Str:  5    XL:     8   Next: 37%
Magic:  11/21      EV: 13    Int: 23    God:
Gold:   36         SH:  0    Dex: 15    Spells: 9/22 levels left

rFire    . . .     SeeInvis .   f - +1 dagger (venom)
rCold    . . .     Gourm    .   (no shield)
rNeg     . . .     Faith    .   a - +1 robe
rPois    +         Spirit   .   (no helmet)
rElec    .         Reflect  .   (no cloak)
rCorr    .         Harm     .   (no gloves)
MR       +....                  (no boots)
Stlth    ++........             (no amulet)
Regen    0.2/turn               e - ring of protection from magic
MPRegen  0.2/turn               g - ring of poison resistance

@: no status effects
A: no striking features
a: no special abilities


You were on level 6 of the Dungeon.
You were not hungry.

You visited 1 branch of the dungeon, and saw 6 of its levels.

You collected 243 gold pieces.
You spent 207 gold pieces at shops.

Inventory:

Hand Weapons
 d - a +0 whip
 f - a +1 dagger of venom (weapon)
 h - a +1 dagger of speed
Armour
 a - a +1 robe (worn)
Jewellery
 e - a ring of protection from magic (left hand)
 g - a ring of poison resistance (right hand)
Scrolls
 l - 2 scrolls of remove curse
 m - 2 scrolls of enchant weapon
 r - a scroll of identify
 t - a scroll of recharging
Potions
 i - a potion of magic
 j - a potion of haste
 k - 2 potions of resistance
 n - a potion of invisibility
 o - a potion of curing
 s - 2 potions of cancellation
 u - a potion of heal wounds
 v - a potion of ambrosia
Books
 b - a book of Flames

   Spells                             Type                      Level
   a - Flame Tongue                   Conjuration/Fire             1
   b - Throw Flame                    Conjuration/Fire             2
   c - Conjure Flame                  Conjuration/Fire             3
   d - Inner Flame                    Hexes/Fire                   3
   e - Sticky Flame                   Conjuration/Fire             4
   f - Fireball                       Conjuration/Fire             5
Comestibles
 c - a bread ration
 p - 4 meat rations
 q - a royal jelly


   Skills:
 - Level 2.4 Dodging
 - Level 2.4 Stealth
 + Level 7.5 Spellcasting
 * Level 8.0 Conjurations
 + Level 6.3 Fire Magic


You had 9 spell levels left.
You knew the following spells:

 Your Spells              Type           Power        Failure   Level  Hunger
a - Flame Tongue          Conj/Fire      #####        1%          1    None
c - Conjure Flame         Conj/Fire      #####...     1%          3    None
f - Fireball              Conj/Fire      #####.....   11%         5    #####..
s - Sticky Flame          Conj/Fire      #####...     3%          4    ###....


Dungeon Overview and Level Annotations

Branches:
Dungeon (6/15)
 Temple: D:4-7

Altars:
Cheibriados
Gozag
Qazlal
Sif Muna

Shops:
D:6 **

Annotations:
D:6 Caerwyn's ghost, novice DsFi


Message History

Aiming: Flame Tongue
Press: ? - help, Shift-Dir - straight line, f/p - scorpion
Aim: a scorpion (moderately wounded)
The flame tongue hits the scorpion.
The scorpion is moderately wounded.
Casting: Flame Tongue
Confirm with . or Enter, or press ? or * to list all spells.
Aiming: Flame Tongue
Press: ? - help, Shift-Dir - straight line, f/p - scorpion
Aim: a scorpion (moderately wounded)
The flame tongue misses Caerwyn's ghost.
The flame tongue hits the scorpion.
The scorpion appears unharmed.
The scorpion is moderately wounded.
Caerwyn's ghost is engulfed in blazing flames.
Caerwyn's ghost hits you!!
Ouch! That really hurt!
There is a stone staircase leading up here.
Caerwyn's ghost hits you!!
Ouch! That really hurt!
You die...

### ..# #≈≈ ≈.# #≈#
≈.# #≈# ≈.#
###≈###≈.####
#######.@≈≈≈≈≈.....#
........W....### .#
######.####.# #.#
#.# #.# #<# #.# #.#
#.# #§####†#####.#
#s...........#
#..####.###..#
#..###...##..#


You could see a scorpion and Caerwyn's ghost.

Vanquished Creatures
  The ghost of Espgualade the Ducker, an amateur TeIE (D:5)
  An ice beast (D:5)
  An orc warrior (D:6)
  An ogre (D:5)
  A centaur (D:6)
  A bullfrog (D:6)
  2 scorpions (D:5)
  A howler monkey (D:5)
  3 jellies
  2 hounds
  2 orc priests (D:5)
  A centaur skeleton (D:5)
  5 orc wizards
  2 worker ants
  A hound zombie (D:5)
  A mummy (D:6)
  6 adders
  A worker ant zombie (D:6)
  A howler monkey skeleton (D:5)
  A shadow imp (D:5)
  An ooze (D:2)
  4 worms
  2 dart slugs (D:1)
  5 leopard geckos
  16 orcs
  4 giant cockroaches
  9 goblins
  7 hobgoblins
  4 quokkas
  4 ball pythons
  7 bats
  3 frilled lizards
  A giant cockroach zombie (D:5)
  12 kobolds
  9 rats
123 creatures vanquished.

Notes
Turn   | Place    | Note
-------+----------+-------------------------------------------
     0 | D:1      | TheGoonsmith the Deep Elf Fire Elementalist began the quest for the Orb.
     0 | D:1      | Reached XP level 1. HP: 10/10 MP: 6/6
   181 | D:1      | Reached XP level 2. HP: 14/15 MP: 1/8
   357 | D:1      | Reached skill level 2 in Conjurations
   664 | D:1      | Upgraded the game from 0.21-a0-33-g8b44e26 to 0.21-a0-38-g95c5c02
   991 | D:2      | Reached XP level 3. HP: 19/19 MP: 7/10
  1132 | D:2      | Found a stormy altar of Qazlal.
  1603 | D:3      | Reached skill level 3 in Conjurations
  1779 | D:3      | Reached XP level 4. HP: 24/24 MP: 8/11
  2296 | D:3      | Found a faded altar of an unknown god.
  2549 | D:3      | Found a deep blue altar of Sif Muna.
  2564 | D:3      | Reached skill level 4 in Conjurations
  2564 | D:3      | Reached XP level 5. HP: 20/28 MP: 5/13
  3023 | D:4      | Learned a level 4 spell: Sticky Flame
  3027 | D:4      | Learned a level 3 spell: Conjure Flame
  3033 | D:4      | Learned a level 5 spell: Fireball
  3643 | D:4      | Reached skill level 5 in Spellcasting
  3914 | D:5      | Entered Level 5 of the Dungeon
  3921 | D:5      | Reached XP level 6. HP: 30/32 MP: 7/15
  4015 | D:5      | Reached skill level 5 in Conjurations
  4268 | D:5      | Noticed Espgualade's ghost (amateur TeIE)
  4268 | D:5      | Reached skill level 5 in Fire Magic
  4294 | D:5      | Reached XP level 7. HP: 16/36 MP: 2/17
  4514 | D:5      | Killed Espgualade's ghost
  4514 | D:5      | Reached skill level 6 in Conjurations
  4707 | D:5      | Reached skill level 7 in Conjurations
  4828 | D:5      | Found an opulent altar of Gozag.
  5067 | D:6      | Reached XP level 8. HP: 38/41 MP: 12/20
  5114 | D:6      | Found a snail-covered altar of Cheibriados.
  5734 | D:6      | Found Inne Rai's Assorted Antiques.
  5739 | D:6      | Bought a scroll of identify for 54 gold pieces
  5740 | D:6      | Bought a scroll labeled TUGULI DOATS for 27 gold pieces
  5740 | D:6      | Bought 2 scrolls labeled QACSOE CONIDU for 54 gold pieces
  5742 | D:6      | Bought 2 fuming blue potions for 48 gold pieces
  5742 | D:6      | Bought an emerald potion for 24 gold pieces
  5864 | D:6      | Found Vagu's General Store.
  5936 | D:6      | Reached skill level 8 in Conjurations
  5941 | D:6      | Noticed Caerwyn's ghost (novice DsFi)
  5952 | D:6      | Slain by Caerwyn's ghost

Vault maps used:
D:1:      kennysheep_arrival_seaside, hex_large, minmay_stone_trees_small,
          minmay_split_cup_small
D:2:      first_bread, grunt_qazlal_clouds
D:3:      chequers_ecumenical_altar_twisty, grunt_decor_one_mirror, led_sif_book
D:4:      cheibrodos_quashed
D:5:      lemuel_doored_altar
D:6:      slow_altar_1, nicolae_overflow_hidden_temple, kennysheep_mini_moat,
          serial_shops, nicolae_shop_crystal, shop, nicolae_shop_behind_doors,
          shop_fountains, shop

Skill      XL: |  1  2  3  4  5  6  7  8 |
---------------+-------------------------+-----
Conjurations   | 2 3 4 5 7 8 |  8.0
Spellcasting   | 4 5 6 7 |  7.5
Fire Magic     | 4 5 6 |  6.3
Dodging        | |  2.4
Stealth        | |  2.4

Action                   |  1- 3 |  4- 6 |  7- 9 || total
-------------------------+-------+-------+-------++-------
Melee: Whip              |     1 |       |       ||     1
       Dagger            |       |    34 |    68 ||   102
 Cast: Flame Tongue      |    78 |   123 |    82 ||   283
       Sticky Flame      |       |     3 |     4 ||     7
       Conjure Flame     |       |       |     5 ||     5
  Use: Scroll            |       |     8 |     9 ||    17
       Potion            |       |     1 |       ||     1
  Eat: Chunk             |     2 |     7 |     1 ||    10
       Royal jelly       |       |       |     1 ||     1
       Bread ration      |       |       |     1 ||     1
Armor: Robe              |     4 |     3 |     7 ||    14
Dodge: Dodged            |     9 |    39 |    31 ||    79
